MLB
ATLANTA BRAVES @ NEW YORK (A) YANKEES
05/24/2042
 
TOP OF THE 1ST
Atlanta Braves batting - Pitching for New York (A) Yankees : RHP José Fernández
Pitching: RHP José Fernández
Batting: RHB Andy Scott 0-0: Called Strike
0-1: Ball
1-1: Foul Ball, location: 9LMF
1-2: Ball
2-2: TRIPLE (Flyball, 9D, EV 87.5 MPH)
Batting: RHB Wilson Ramírez 0-0: Fly out, F8 (Flyball, 8RM, EV 92.5 MPH)
Batting: RHB César Plone 0-0: Called Strike
0-1: Fly out, F8 (Flyball, 8LM, EV 84.4 MPH)
Runner from 3rd tags up, SCORES, no throw by CF
Batting: RHB Cale Scutt 0-0: Ball
1-0: Foul Ball, location: 2F
1-1: Ball
2-1: Foul Ball, location: 2F
2-2: SINGLE (Line Drive, 89S, EV 100.6 MPH)
Batting: RHB Ted Coleman 0-0: Ball
1-0: SINGLE (Line Drive, 8RS, EV 93.8 MPH)
Cale Scutt to second
Batting: LHB Cheong-sang Kim 0-0: Called Strike
0-1: Ball
1-1: Swinging Strike
1-2: SINGLE (Groundball, 4D, EV 107.5 MPH)
Cale Scutt to third
Ted Coleman to second
Runner from 3rd tries for Home, SAFE, throw by CF to home
Batting: RHB José Felisberto 0-0: Called Strike
0-1: SINGLE (Groundball, 4MD, EV 109.4 MPH)
Ted Coleman to third
Cheong-sang Kim to second
Throwing error, E8
Ted Coleman scores
Cheong-sang Kim to third
José Felisberto to second
Batting: LHB Elroy Browne 0-0: Foul Ball, location: 2F
0-1: Called Strike
0-2: Strikes out swinging
Top of the 1st over - 3 runs, 5 hits, 1 error, 2 left on base; Atlanta 3 - New York (A) 0
BOTTOM OF THE 1ST
New York (A) Yankees batting - Pitching for Atlanta Braves : RHP Iván Povey
Pitching: RHP Iván Povey
Batting: LHB Johnny Erwin 0-0: Ground out U3 (Groundball, 3, EV 106.3 MPH)
Batting: RHB Tony Bórquez 0-0: Ball
1-0: Ball
2-0: Ground out 6-3 (Groundball, 6MD, EV 96.9 MPH)
Batting: LHB Derek Allen 0-0: SINGLE (Groundball, 34D, EV 96.3 MPH)
Batting: LHB Bob Armstrong 0-0: Ball
1-0: Ball
2-0: Swinging Strike
2-1: Foul Ball, location: 2F
2-2: Ground out 4-3 (Groundball, 34, EV 108.8 MPH)
Bottom of the 1st over - 0 runs, 1 hit, 0 errors, 1 left on base; Atlanta 3 - New York (A) 0
TOP OF THE 2ND
Atlanta Braves batting - Pitching for New York (A) Yankees : RHP José Fernández
Batting: RHB Ed Simmons 0-0: Foul Ball, location: 2LF
0-1: Ball
1-1: Swinging Strike
1-2: Ground out 6-3 (Groundball, 6, EV 85.0 MPH)
Batting: RHB Andy Scott 0-0: Called Strike
0-1: Fly out, F7 (Line Drive, 7S, EV 93.1 MPH)
Batting: RHB Wilson Ramírez 0-0: Foul Ball, location: 2F
0-1: Foul Ball, location: 7LSF
0-2: Ball
1-2: SINGLE (Line Drive, 56, EV 95.0 MPH)
Batting: RHB César Plone 0-0: Ball
Wilson Ramírez steals 2nd base
1-0: Foul Ball, location: 9LMF
1-1: Ground out 6-3 (Groundball, 6, EV 107.5 MPH)
Top of the 2nd over - 0 runs, 1 hit, 0 errors, 1 left on base; Atlanta 3 - New York (A) 0
BOTTOM OF THE 2ND
New York (A) Yankees batting - Pitching for Atlanta Braves : RHP Iván Povey
Batting: RHB Gene Russell 0-0: Ground out 5-3 (Groundball, 56, EV 79.4 MPH)
Batting: LHB Doug Cunningham 0-0: Called Strike
0-1: Called Strike
0-2: Strikes out swinging
Batting: RHB Juan Colón 0-0: Called Strike
0-1: Called Strike
0-2: SINGLE (Groundball, 4D, EV 100.6 MPH)
Batting: RHB Benjamim Futscher 0-0: Ball
1-0: Called Strike
1-1: Foul Ball, location: 2LF
1-2: Strikes out swinging
Bottom of the 2nd over - 0 runs, 1 hit, 0 errors, 1 left on base; Atlanta 3 - New York (A) 0
TOP OF THE 3RD
Atlanta Braves batting - Pitching for New York (A) Yankees : RHP José Fernández
Batting: RHB Cale Scutt 0-0: Ball
1-0: Foul Ball, location: 2F
1-1: Ball
2-1: SOLO HOME RUN (Flyball, 9LD, EV 96.3 MPH), Distance : 340 ft
Batting: RHB Ted Coleman 0-0: Called Strike
0-1: Ball
1-1: Ball
2-1: Ball
3-1: Base on Balls
Batting: LHB Cheong-sang Kim 0-0: Swinging Strike
0-1: Foul Ball, location: 2F
0-2: Fielders Choice at 2nd, 3-6 (Groundball, 34, EV 106.3 MPH)
Batting: RHB José Felisberto 0-0: Fly out, F9 (Flyball, 9D, EV 96.9 MPH)
Batting: LHB Elroy Browne 0-0: Called Strike
0-1: Called Strike
0-2: Ball
1-2: Fly out, F9 (Flyball, 9, EV 80.0 MPH)
Top of the 3rd over - 1 run, 1 hit, 0 errors, 1 left on base; Atlanta 4 - New York (A) 0
BOTTOM OF THE 3RD
New York (A) Yankees batting - Pitching for Atlanta Braves : RHP Iván Povey
Batting: RHB Sandro Ayala 0-0: Foul Ball, location: 5F
0-1: Foul Ball, location: 2F
0-2: Ball
1-2: Strikes out swinging
Batting: LHB Johnny Erwin 0-0: Ball
1-0: Ball
2-0: Ball
3-0: Called Strike
3-1: Ground out 4-3 (Groundball, 4, EV 95.6 MPH)
Batting: RHB Tony Bórquez 0-0: Ground out 6-3 (Groundball, 6, EV 87.5 MPH)
Bottom of the 3rd over - 0 runs, 0 hits, 0 errors, 0 left on base; Atlanta 4 - New York (A) 0
TOP OF THE 4TH
Atlanta Braves batting - Pitching for New York (A) Yankees : RHP José Fernández
Batting: RHB Ed Simmons 0-0: Ground out 5-3 (Groundball, 5S, EV 85.6 MPH)
Batting: RHB Andy Scott 0-0: Ball
1-0: DOUBLE (Line Drive, 5D, EV 93.8 MPH)
Batting: RHB Wilson Ramírez 0-0: Called Strike
0-1: SINGLE (Groundball, 56, EV 107.5 MPH)
Andy Scott to third
Batting: RHB César Plone 0-0: Ball
1-0: Ball
2-0: Called Strike
2-1: Foul Ball, location: 2F
2-2: Strikes out swinging
Batting: RHB Cale Scutt 0-0: SINGLE (Groundball, 6MD, EV 99.4 MPH)
Andy Scott scores
Wilson Ramírez to second
Runner from 2nd tries for 3rd, OUT! 8-5
Top of the 4th over - 1 run, 3 hits, 0 errors, 1 left on base; Atlanta 5 - New York (A) 0
BOTTOM OF THE 4TH
New York (A) Yankees batting - Pitching for Atlanta Braves : RHP Iván Povey
Batting: LHB Derek Allen 0-0: Ball
1-0: SOLO HOME RUN (Flyball, 9D, EV 96.9 MPH), Distance : 379 ft
Batting: LHB Bob Armstrong 0-0: Ball
1-0: Called Strike
1-1: Called Strike
1-2: SINGLE (Groundball, 25, EV 66.3 MPH) (infield hit)
Batting: RHB Gene Russell 0-0: Called Strike
0-1: Ball
1-1: Swinging Strike
1-2: Foul Ball, location: 3FF
1-2: Strikes out swinging
Batting: LHB Doug Cunningham 0-0: Called Strike
0-1: Called Strike
Bob Armstrong steals 2nd base
0-2: Ball
1-2: Ball
2-2: Ball
3-2: Ground out 4-3 (Groundball, 4, EV 78.8 MPH)
Bob Armstrong to third
Batting: RHB Juan Colón 0-0: Called Strike
0-1: Ball
1-1: Swinging Strike
1-2: Ball
2-2: Strikes out swinging
Bottom of the 4th over - 1 run, 2 hits, 0 errors, 1 left on base; Atlanta 5 - New York (A) 1
TOP OF THE 5TH
Atlanta Braves batting - Pitching for New York (A) Yankees : RHP José Fernández
Batting: RHB Ted Coleman 0-0: Ball
1-0: Ball
2-0: Ball
3-0: Called Strike
3-1: Called Strike
3-2: Ground out 5-3 (Groundball, 56S, EV 66.3 MPH)
Batting: LHB Cheong-sang Kim 0-0: Called Strike
0-1: Ball
1-1: Called Strike
1-2: Foul Ball, location: 3SF
1-2: Strikes out swinging
Batting: RHB José Felisberto 0-0: Called Strike
0-1: DOUBLE (Flyball, 8LXD, EV 112.5 MPH)
Pitching: LHP Leon Montalvo
Batting: LHB Elroy Browne 0-0: Ball
1-0: Called Strike
1-1: Ball
2-1: Ground out 4-3 (Groundball, 4, EV 105.6 MPH)
Top of the 5th over - 0 runs, 1 hit, 0 errors, 1 left on base; Atlanta 5 - New York (A) 1
BOTTOM OF THE 5TH
New York (A) Yankees batting - Pitching for Atlanta Braves : RHP Iván Povey
Batting: RHB Benjamim Futscher 0-0: Hit by Pitch
Batting: RHB Sandro Ayala 0-0: Ball
1-0: Called Strike
1-1: Called Strike
1-2: Foul Ball, location: 2F
1-2: Grounds into double play, 2-4-3 (Groundball, 15S, EV 71.9 MPH)
Batting: LHB Johnny Erwin 0-0: Ball
1-0: Fly out, F7 (Flyball, 7S, EV 86.9 MPH)
Bottom of the 5th over - 0 runs, 0 hits, 0 errors, 0 left on base; Atlanta 5 - New York (A) 1
TOP OF THE 6TH
Atlanta Braves batting - Pitching for New York (A) Yankees : LHP Leon Montalvo
Batting: RHB Ed Simmons 0-0: Ball
1-0: Ball
2-0: Foul Ball, location: 5SF
2-1: Swinging Strike
2-2: Fly out, F8 (Flyball, 8RD, EV 105.6 MPH)
Batting: RHB Andy Scott 0-0: Called Strike
0-1: Swinging Strike
0-2: Ball
1-2: Ball
2-2: SINGLE (Line Drive, 8RS, EV 104.4 MPH)
Batting: RHB Wilson Ramírez 0-0: DOUBLE (Line Drive, 89M, EV 88.8 MPH)
Andy Scott to third
Batting: RHB César Plone 0-0: Fly out, F7 (Flyball, 7LM, EV 93.8 MPH)
Runner from 3rd tags up, SCORES, throw by LF
Wilson Ramírez to third
Batting: RHB Cale Scutt 0-0: Swinging Strike
0-1: Foul Ball, location: 25F
0-2: Ball
1-2: Ground out 5-3 (Groundball, 56S, EV 84.4 MPH)
Top of the 6th over - 1 run, 2 hits, 0 errors, 1 left on base; Atlanta 6 - New York (A) 1
BOTTOM OF THE 6TH
New York (A) Yankees batting - Pitching for Atlanta Braves : RHP Iván Povey
Pitching: RHP Teddy Vaillant
Batting: RHB Tony Bórquez 0-0: Ball
1-0: Foul Ball, location: 5SF
1-1: Ground out 6-3 (Groundball, 6, EV 87.5 MPH)
Batting: LHB Derek Allen 0-0: Called Strike
0-1: Ground out 6-3 (Groundball, 6, EV 103.8 MPH)
Batting: LHB Bob Armstrong 0-0: Foul Ball, location: 2F
0-1: Fly out, F2 (Popup, 25F, EV 82.5 MPH)
Bottom of the 6th over - 0 runs, 0 hits, 0 errors, 0 left on base; Atlanta 6 - New York (A) 1
TOP OF THE 7TH
Atlanta Braves batting - Pitching for New York (A) Yankees : LHP Leon Montalvo
Batting: RHB Ted Coleman 0-0: Ball
1-0: Called Strike
1-1: Foul Ball, location: 3FF
1-2: Fly out, F8 (Flyball, 89M, EV 90.6 MPH)
Batting: LHB Cheong-sang Kim 0-0: Called Strike
0-1: Ball
1-1: Ball
2-1: Ground out U3 (Groundball, 3L, EV 78.1 MPH)
Batting: RHB José Felisberto 0-0: Called Strike
0-1: Swinging Strike
0-2: Strikes out swinging
Top of the 7th over - 0 runs, 0 hits, 0 errors, 0 left on base; Atlanta 6 - New York (A) 1
BOTTOM OF THE 7TH
New York (A) Yankees batting - Pitching for Atlanta Braves : RHP Teddy Vaillant
Batting: RHB Gene Russell 0-0: Swinging Strike
0-1: Ball
1-1: Swinging Strike
1-2: Strikes out swinging
Batting: LHB Doug Cunningham 0-0: Ball
1-0: Ball
2-0: Ball
3-0: Called Strike
3-1: Base on Balls
Batting: RHB Juan Colón 0-0: Ball
1-0: Ball
2-0: Ball
3-0: Called Strike
3-1: Fly out, F8 (Flyball, 8RM, EV 91.3 MPH)
Batting: RHB Benjamim Futscher 0-0: Ball
1-0: Foul Ball, location: 23FF
1-1: Foul Ball, location: 5FF
1-2: Foul Ball, location: 9LSFF
1-2: Ball
Wild Pitch!
Doug Cunningham to second
2-2: Foul Ball, location: 9LMF
2-2: Ground out 2-3 (Groundball, 13S, EV 70.0 MPH)
Bottom of the 7th over - 0 runs, 0 hits, 0 errors, 1 left on base; Atlanta 6 - New York (A) 1
TOP OF THE 8TH
Atlanta Braves batting - Pitching for New York (A) Yankees : LHP Leon Montalvo
Batting: LHB Elroy Browne 0-0: Called Strike
0-1: SINGLE (Groundball, 4D, EV 109.4 MPH)
Batting: RHB Ed Simmons 0-0: Ball
1-0: Called Strike
1-1: Fly out, F6 (Popup, 6, EV 53.1 MPH)
Batting: RHB Andy Scott 0-0: SINGLE (Groundball, 6, EV 91.9 MPH) (infield hit)
Elroy Browne to second
Batting: RHB Wilson Ramírez 0-0: Ball
1-0: Ball
2-0: Called Strike
2-1: Swinging Strike
2-2: Ball
3-2: Strikes out swinging
Batting: RHB César Plone 0-0: Called Strike
0-1: Foul Ball, location: 2LF
0-2: Ball
1-2: Strikes out swinging
Top of the 8th over - 0 runs, 2 hits, 0 errors, 2 left on base; Atlanta 6 - New York (A) 1
BOTTOM OF THE 8TH
New York (A) Yankees batting - Pitching for Atlanta Braves : RHP Teddy Vaillant
Batting: RHB Sandro Ayala 0-0: Ball
1-0: Ball
2-0: Ball
3-0: Called Strike
3-1: Called Strike
3-2: Foul Ball, location: 2F
3-2: Foul Ball, location: 2RF
3-2: Ground out 6-3 (Groundball, 6M, EV 88.8 MPH)
Batting: LHB Johnny Erwin 0-0: Ball
1-0: Ground out 6-3 (Groundball, P, EV 86.3 MPH)
Batting: RHB Tony Bórquez 0-0: Foul Ball, location: 9LDF
0-1: Called Strike
0-2: Ball
1-2: SOLO HOME RUN (Flyball, 7D, EV 96.9 MPH), Distance : 374 ft
Batting: LHB Derek Allen 0-0: Called Strike
0-1: Hit by Pitch
Batting: LHB Bob Armstrong 0-0: Called Strike
0-1: Ball
1-1: Fly out, F3 (Line Drive, 3, EV 66.3 MPH)
Bottom of the 8th over - 1 run, 1 hit, 0 errors, 1 left on base; Atlanta 6 - New York (A) 2
TOP OF THE 9TH
Atlanta Braves batting - Pitching for New York (A) Yankees : LHP Leon Montalvo
Batting: RHB Cale Scutt 0-0: Foul Ball, location: 5F
0-1: Foul Ball, location: 9LSF
0-2: Ball
1-2: Fly out, F4 (Popup, 4, EV 59.4 MPH)
Batting: RHB Ted Coleman 0-0: Foul Ball, location: 23F
0-1: Foul Ball, location: 3DF
0-2: Ball
1-2: Foul Ball, location: 2F
1-2: DOUBLE (Groundball, 5L, EV 101.9 MPH)
Pitching: RHP Norm Collins
Batting: LHB Cheong-sang Kim 0-0: Ball
1-0: Ball
2-0: Ball
3-0: Swinging Strike
3-1: Base on Balls
Batting: RHB José Felisberto 0-0: Ball
1-0: Ball
2-0: DOUBLE (Line Drive, 89D, EV 100.6 MPH)
Ted Coleman scores
Cheong-sang Kim to third
Runner from 3rd tries for Home, SAFE, throw by RF to home
Batting: LHB Elroy Browne 0-0: Ball
1-0: Fly out, F8 (Line Drive, 8LM, EV 98.8 MPH)
Batting: RHB Ed Simmons 0-0: Ball
1-0: SINGLE (Line Drive, 6M, EV 96.3 MPH)
José Felisberto to third
Runner from 3rd tries for Home, SAFE, throw by CF to home
Ed Simmons to second
Batting: RHB Andy Scott 0-0: Ball
1-0: Swinging Strike
1-1: Called Strike
1-2: Strikes out swinging
Top of the 9th over - 3 runs, 3 hits, 0 errors, 1 left on base; Atlanta 9 - New York (A) 2
BOTTOM OF THE 9TH
New York (A) Yankees batting - Pitching for Atlanta Braves : RHP Teddy Vaillant
Batting: RHB Gene Russell 0-0: Ground out 4-3 (Groundball, 4, EV 88.8 MPH)
Batting: LHB Doug Cunningham 0-0: Ball
1-0: Called Strike
1-1: Ball
2-1: Swinging Strike
2-2: Ball
3-2: Foul Ball, location: 2F
3-2: Hit by Pitch
Pitching: RHP Steve Williams
Batting: RHB Juan Colón 0-0: Ball
1-0: Ground out 5-3 (Groundball, 56S, EV 60.6 MPH)
Doug Cunningham to second
Batting: RHB Benjamim Futscher 0-0: Ball
1-0: Ground out 4-3 (Groundball, 4, EV 104.4 MPH)
Bottom of the 9th over - 0 runs, 0 hits, 0 errors, 1 left on base; Atlanta 9 - New York (A) 2
Friday, May 3rd , 2024 - OOTP Baseball 24.10 Build 82